 Dungeon Crawl Stone Soup version 0.25-a0-503-ge281fa673e (webtiles) character file.

Game seed: 3160537048126969730, levelgen mode: deterministic

628 ICC the Magician (level 7, -8/33 HPs)
             Began as a Vine Stalker Wizard on Feb 13, 2020.
             Was an Initiate of Wu Jian.
             Mangled by an orc warrior
             ... wielding a +0 war axe
              (13 damage)
             ... on level 6 of the Dungeon.
             The game lasted 00:16:08 (4660 turns).

ICC the Magician (Vine Stalker Wizard)              Turns: 4660, Time: 00:16:08

Health: -8/33      AC:  6    Str: 16    XL:     7   Next: 48%
Magic:  0/15       EV: 12    Int: 18    God:    Wu Jian [......]
Gold:   74         SH:  0    Dex: 12    Spells: 13/16 levels left

rFire    . . .     SeeInvis .   a - +5 dagger
rCold    . . .     Gourm    .   (no shield)
rNeg     . . .     Faith    .   B - +0 ring mail (curse)
rPois    .         Spirit   +   b - +0 hat
rElec    .         Reflect  .   (no cloak)
rCorr    .         Harm     .   (no gloves)
MR       .....                  t - +0 pair of boots
Stlth    +.........             (no amulet)
HPRegen  0.51/turn              C - +4 ring of strength
MPRegen  0.14/turn              (no ring)

@: very slightly contaminated, invisible
A: fangs 2, regeneration 1, magic shield, antimagic bite, no potion heal 3, rot
immunity
a: Renounce Religion


You were on level 6 of the Dungeon.
You worshipped Wu Jian.
Wu Jian was noncommittal.
You were hungry.

You visited 2 branches of the dungeon, and saw 7 of its levels.

You collected 380 gold pieces.
You spent 306 gold pieces at shops.

Inventory:

Hand Weapons
 a - a +5 dagger (weapon)
Missiles
 l - 135 stones (quivered)
Armour
 b - a +0 hat (worn)
 t - a +0 pair of boots (worn)
 B - a cursed +0 ring mail (worn)
Jewellery
 C - a +4 ring of strength (left hand)
Scrolls
 c - a scroll of magic mapping
 f - 2 scrolls of identify
 g - a scroll of noise {unknown}
 h - 2 scrolls of fear {unknown}
 k - 4 scrolls of teleportation
 m - a scroll of amnesia {unknown}
 p - 4 scrolls of remove curse
 u - a scroll of immolation {unknown}
 y - 2 scrolls of fog
Potions
 e - 2 potions of flight
 i - 3 potions of curing
 n - 2 potions of brilliance
 o - 4 potions of lignification
 q - 3 potions of might
 r - a potion of ambrosia
 s - a potion of haste
 z - a potion of agility
 A - a potion of mutation
Comestibles
 d - 11 rations


   Skills:
 - Level 1.0 Fighting
 * Level 4.5 Short Blades
 + Level 1.6 Armour
 - Level 3.0 Dodging
 - Level 3.0 Stealth
 + Level 5.0 Spellcasting
 - Level 1.0 Conjurations
   Level 1.0 Summonings
 - Level 1.0 Translocations


You had 13 spell levels left.
You knew the following spells:

 Your Spells              Type           Power        Failure   Level  Hunger
a - Magic Dart            Conj           #...         16%         1    None
b - Blink                 Tloc           N/A          24%         2    #......

Your spell library contained the following spells:

 Spells                   Type           Power        Failure   Level  Hunger
 Call Imp                 Summ           #.......     24%         2    #......
 Slow                     Hex            #.......     36%         2    #......
 Conjure Flame            Conj/Fire      #.......     52%         3    ##.....
 Mephitic Cloud           Conj/Pois/Air  #.......     54%         3    ##.....


Dungeon Overview and Level Annotations

Branches:
Dungeon (6/15)             Temple (1/1) D:4

Altars:
Ashenzari
Cheibriados
Dithmenos
Elyvilon
Fedhas
Gozag
Hepliaklqana
Kikubaaqudgha
Nemelex Xobeh
Okawaru
Ru
Sif Muna
Trog
Uskayaw
Vehumet
Wu Jian
Xom
Yredelemnul
Zin
The Shining One

Shops:
D:4 }   D:5 !   D:6 *


Innate Abilities, Weirdness & Mutations

You have extremely sharp teeth.
Your natural rate of healing is unusually fast.
When hurt, damage is shared between your health and your magic reserves.
Your bite disrupts and absorbs the magic of your enemies.
Potions cannot restore your health.
You are immune to rotting.


Message History

Okay, then.
Things that are here:
a +0 club; a +0 ring mail; an orc corpse The orc wizard barely misses you.
You fade into invisibility!
The orc wizard casts a spell at you. The magic dart hits you.
* * * LOW HITPOINT WARNING * * *
You are very lightly contaminated with residual magic.
You hit the orc warrior.
The orc warrior is moderately wounded.
The orc wizard closely misses you.
The orc warrior hits you with a +0 war axe.
* * * LOW HITPOINT WARNING * * *
The worker ant zombie bites you but does no damage.
You closely miss the orc warrior.
The orc warrior is moderately wounded.
The orc wizard hits you but does no damage.
The orc warrior hits you with a +0 war axe!
You die...

..............<....#
.##...###..........#
......###..........#
........##...#######
........#....#
.............##
........#o#...#####
........#.###..Z..#
........#.# #.#o@.#
..###.....###.#o###
...........o..)o#
#.......#####...#
....#....# ###.#
....#.##.... ..#
#...#.# #### ...
...##.# #....
.####.# #....#


You could see an orc warrior, an orc wizard, an orc and a worker ant zombie.

Vanquished Creatures
  An orc warrior (D:6)
  An ogre (D:4)
  A scorpion (D:4)
  A crimson imp (D:6)
  2 orc priests
  A hound (D:6)
  A jelly (D:5)
  An orc wizard (D:5)
  A worker ant (D:5)
  A hound zombie (D:5)
  8 adders
  2 shadow imps (D:5)
  An adder zombie (D:5)
  4 worms
  4 leopard geckos
  10 orcs
  8 giant cockroaches
  A goblin (D:1)
  5 hobgoblins
  9 jackals
  2 quokkas
  8 bats
  4 frilled lizards
  5 kobolds (D:2)
  3 rats
85 creatures vanquished.

Vanquished Creatures (others)
  A human (D:3)
1 creature vanquished.

Grand Total: 86 creatures vanquished

Notes
Turn   | Place    | Note
-------+----------+-------------------------------------------
     0 | D:1      | ICC the Vine Stalker Wizard began the quest for the Orb.
     0 | D:1      | Reached XP level 1. HP: 9/9 MP: 5/5
   189 | D:1      | Reached XP level 2. HP: 13/14 MP: 4/7
   193 | D:1      | Learned a level 2 spell: Blink
   758 | D:2      | Reached skill level 1 in Fighting
   771 | D:2      | Found a white marble altar of Elyvilon.
   829 | D:2      | Reached XP level 3. HP: 18/18 MP: 9/9
   979 | D:2      | Found a glowing golden altar of the Shining One.
  1127 | D:2      | Reached skill level 1 in Short Blades
  1766 | D:3      | Gained mutation: Your natural rate of healing is unusually
                  | fast. [Vine Stalker growth]
  1766 | D:3      | Reached XP level 4. HP: 22/22 MP: 10/10
  2204 | D:3      | Found an ancient bone altar of Kikubaaqudgha.
  2207 | D:3      | Noticed a human
  2209 | D:3      | Killed a human
  2259 | D:3      | Found a hide-covered altar of Uskayaw.
  2377 | D:3      | Found an opulent altar of Gozag.
  2565 | D:4      | Noticed an ogre
  2573 | D:4      | Killed an ogre
  2573 | D:4      | Reached skill level 4 in Spellcasting
  2573 | D:4      | Reached XP level 5. HP: 16/25 MP: 5/12
  2714 | D:4      | Reached XP level 6. HP: 26/30 MP: 11/13
  2755 | D:4      | Found a staircase to the Ecumenical Temple.
  2762 | Temple   | Entered the Ecumenical Temple
  2791 | Temple   | Became a worshipper of the Wu Jian Council
  3237 | D:4      | Found Beon's Gadget Shop.
  3569 | D:5      | Entered Level 5 of the Dungeon
  3689 | D:5      | Found Zaneapt's Distillery.
  3694 | D:5      | Bought a potion of might for 56 gold pieces
  3694 | D:5      | Bought a potion of lignification for 42 gold pieces
  3694 | D:5      | Bought a potion of agility for 56 gold pieces
  3694 | D:5      | Bought a potion of curing for 42 gold pieces
  3821 | D:5      | Found a sacrificial altar of Ru.
  3995 | D:5      | Reached skill level 1 in Armour
  4307 | D:5      | Found a sparkling altar of Nemelex Xobeh.
  4308 | D:5      | Found a shadowy altar of Dithmenos.
  4374 | D:6      | Reached XP level 7. HP: 32/33 MP: 13/15
  4454 | D:6      | Reached skill level 5 in Spellcasting
  4525 | D:6      | Found Apiorudi's General Store.
  4528 | D:6      | Bought a scroll of teleportation for 39 gold pieces
  4528 | D:6      | Bought a scroll of fog for 26 gold pieces
  4528 | D:6      | Bought a scroll of magic mapping for 45 gold pieces
  4660 | D:6      | Mangled by an orc warrior

Levels and vault maps discovered:
D:1:      dpeg_arrival_triangle_fractal, layout_basic
D:2:      layout_loops_ring, tso_metal_star, nicolae_overflow_crystal_walls,
          serial_rivers, chequers_serial_rivers_small_a,
          chequers_serial_rivers_small_b, chequers_serial_rivers_small_b,
          chequers_serial_rivers_micro_c, chequers_serial_rivers_small_3
D:3:      layout_loops_corners, lemuel_coloured_pillars_altar,
          nicolae_overflow_hidden_temple, tgw_kikubaaqudgha
D:4:      layout_basic, minmay_temple_entry_ruins, serial_shops, shop_statue,
          first_ration
D:5:      layout_basic, gammafunk_temple_overflow_pools, serial_shops,
          kennysheep_little_box, nicolae_ru_sacrificial_ziggurat
D:6:      kennysheep_kobold_camp, layout_rooms, serial_shops,
          nicolae_shop_behind_doors, uniq_pikel
Temple:   oiseaux_autumnal_temple

Skill      XL: |  1  2  3  4  5  6  7 |
---------------+----------------------+-----
Fighting       | 1 |  1.0
Stealth        | 3 |  3.0
Dodging        | 2 3 |  3.0
Short Blades   | 1 2 3 4 |  4.5
Spellcasting   | 4 5 |  5.0
Armour         | 1 |  1.6
Conjurations   | |  1.0
Summonings     | |  1.0
Translocations | |  1.0

Action                   |  1- 3 |  4- 6 |  7- 9 || total
-------------------------+-------+-------+-------++-------
Melee: Dagger            |   116 |   135 |    70 ||   321
       Unarmed           |     2 |       |       ||     2
       Bite              |    27 |    14 |    26 ||    67
Throw: Stone             |    28 |     5 |     4 ||    37
 Cast: Magic Dart        |    26 |       |       ||    26
Invok: Lunge             |       |    10 |     4 ||    14
  Use: Scroll            |       |     8 |     1 ||     9
       Potion            |       |       |     1 ||     1
 Stab: Sleeping          |     1 |     5 |       ||     6
  Eat: Chunk             |     3 |     4 |     1 ||     8
       Ration            |       |     1 |       ||     1
Armor: Robe              |    17 |       |       ||    17
       Ring mail         |    28 |    27 |    13 ||    68
Dodge: Dodged            |    76 |    50 |    40 ||   166

Table legend:
 A = Non-vault XP
 B = Vault XP
 C = Vault XP percentage of total XP
 D = Non-vault monster count
 E = Vault monster count
 F = Vault count percentage of total count
                 A         B        C        D         E       F
            +---------+---------+-------+---------+---------+-------
      Total |     898 |       0 |   0.0 |      85 |       0 |   0.0
            +---------+---------+-------+---------+---------+-------
        D:1 |      26 |       0 |   0.0 |      15 |       0 |   0.0
        D:2 |      51 |       0 |   0.0 |      20 |       0 |   0.0
        D:3 |      67 |       0 |   0.0 |      13 |       0 |   0.0
        D:4 |     223 |       0 |   0.0 |       6 |       0 |   0.0
        D:5 |     234 |       0 |   0.0 |      17 |       0 |   0.0
        D:6 |     297 |       0 |   0.0 |      14 |       0 |   0.0
            +---------+---------+-------+---------+---------+-------
